 Dungeon Crawl Stone Soup version 0.22-a0-293-gc9362ec (webtiles) character file.

46510 Amnesiac the Fighter (level 13, -4/119 HPs)
             Began as a Demigod Wizard on Mar 25, 2018.
             Killed from afar by a wizard (45 damage)
             ... with a crystal spear
             ... on level 13 of the Dungeon.
             The game lasted 00:45:45 (20978 turns).

Amnesiac the Fighter (Demigod Wizard)              Turns: 20978, Time: 00:45:46

Health: -4/119     AC: 16    Str: 13    XL:     13   Next: 67%
Magic:  0/35       EV: 19    Int: 30    God:
Gold:   476        SH:  0    Dex: 14    Spells: 3/20 levels left

rFire    + . .     SeeInvis .   a - +4 spear (venom)
rCold    + . .     Gourm    .   (no shield)
rNeg     . . .     Faith    .   E - +5 leather armour of the Nexus {rF+}
rPois    .         Spirit   +   B - +2 hat
rElec    +         Reflect  .   L - +0 cloak (curse)
rCorr    .         Harm     .   n - +1 pair of gloves
MR       .....                  R - +2 pair of boots {Stlth+}
Stlth    +++.......             i - amulet of guardian spirit
HPRegen  0.29/turn              K - ring "Tufayf" {rElec rC+ MR- Str+3}
MPRegen  0.24/turn              f - ring of magical power

@: about to teleport
A: high mp 1
a: no special abilities


You were on level 13 of the Dungeon.
You were hungry.

You visited 2 branches of the dungeon, and saw 15 of its levels.

You collected 1761 gold pieces.
You spent 1285 gold pieces at shops.

Inventory:

Hand Weapons
 a - a +4 spear of venom (weapon)
 b - a +2 blowgun
Missiles
 l - 4 throwing nets (quivered)
 M - 34 poisoned needles
Armour
 n - a +1 pair of gloves (worn)
 B - a +2 hat (worn)
 E - the +5 leather armour of the Nexus (worn) {rF+}
   (You took it off an orc on level 9 of the Dungeon)

   It protects you from fire.
 L - a cursed +0 cloak (worn)
 R - a +2 pair of boots of stealth (worn)
Jewellery
 e - an uncursed ring of ice
 f - a ring of magical power (right hand)
 i - an amulet of guardian spirit (around neck)
 p - an uncursed ring of wizardry
 K - the ring "Tufayf" (left hand) {rElec rC+ MR- Str+3}
   (You acquired it on level 2 of the Orcish Mines)

   [ring of strength]

   It affects your strength (+3).
   It protects you from cold.
   It insulates you from electricity.
   It affects your resistance to hostile enchantments.
 O - an uncursed ring of poison resistance
Wands
 j - a wand of random effects (46)
 k - a wand of flame (45)
 v - a wand of acid (2)
 x - a wand of disintegration (36)
 y - a wand of paralysis (38)
 C - a wand of enslavement (6)
 G - a wand of scattershot (4)
Scrolls
 g - 11 scrolls of teleportation {!r}
 o - 2 scrolls of identify {!r}
 t - 2 scrolls of remove curse {!r}
 F - a scroll of blinking {!r}
 H - 2 scrolls of amnesia {!r}
 N - a scroll of enchant armour {!r}
 Q - a scroll of fog {!r}
Potions
 c - 2 potions of flight {!q}
 m - 3 potions of lignification {!q}
 s - 4 potions of curing {!q}
 u - a potion of magic {!q}
 w - a potion of might {!q}
 z - a potion of invisibility {!q}
 A - a potion of experience {!q}
 D - 2 potions of brilliance {!q}
 I - a potion of resistance {!q}
 S - a potion of ambrosia {!q}
Comestibles
 d - 25 rations


   Skills:
 - Level 12.4 Fighting
 - Level 12.4 Dodging
 - Level 1.7 Stealth
 - Level 4.0 Spellcasting
 - Level 4.0 Conjurations
 - Level 0.8 Summonings
 - Level 0.8 Translocations
 + Level 3.8 Earth Magic
 - Level 12.4 Evocations


You had 3 spell levels left.
You knew the following spells:

 Your Spells              Type           Power        Failure   Level  Hunger
a - Magic Dart            Conj           ####         1%          1    None
b - Call Imp              Summ           ##......     9%          2    None
c - Iron Shot             Conj/Erth      ####......   94%         6    #######
e - Mephitic Cloud        Conj/Pois/Air  ##......     14%         3    ##.....
s - Conjure Flame         Conj/Fire      ###.....     11%         3    ##.....
v - Blink                 Tloc           N/A          9%          2    None


Dungeon Overview and Level Annotations

Branches:
Dungeon (13/15)            Temple (0/1) D:4            Lair (0/6) D:9
    Orc (2/2) D:11            Elf (0/3) Orc:2        Vaults (0/5) D:13

Shops:
D:5 (   D:7 [   D:9 *   D:10 !   Orc:1 *   Orc:2 (}!*


Innate Abilities, Weirdness & Mutations

You have an increased reservoir of magic. (+10% MP)


Message History

The necromancer seems less confused.
The human hits you. The human barely misses you. x2
A human comes into view.
Attack whom?
Press: ? - help, Dir - move target cursor, f/p - necromancer
Aim: a necromancer, wielding an enchanted dagger and wearing a robe (heavily wounded)
You puncture the necromancer!
The necromancer is poisoned.
The necromancer is severely wounded.
The human seems less confused.
The human hits you but does no damage. The human hits you.
The necromancer hits you but does no damage.
The human hits you but does no damage. x2; The human misses you.
You barely miss the necromancer.
The necromancer is almost dead.
The human barely misses you.
The necromancer hits you but does no damage.
The human closely misses you. The human misses you.
The human barely misses you. The human misses you.
A wizard and a vault guard come into view.
You hit the necromancer.
The necromancer looks as sick as possible!
The necromancer is almost dead.
The human misses you.
The necromancer points at you and mumbles some strange words.
Your body is wracked with pain!
The human barely misses you.
The wizard gestures wildly while chanting.
The wizard seems to speed up.
The human hits you but does no damage. The human barely misses you.
The human hits you. The human closely misses you.
You hit the necromancer.
The necromancer looks as sick as possible!
The necromancer is almost dead.
You kill the necromancer!
The human seems less confused.
The wizard casts a spell.
The wizard seems to speed up.
The human closely misses you. The human hits you but does no damage.
The human closely misses you.
The human hits you but does no damage. x2
A vault guard comes into view. It is wielding a great sword.
The vault guard shouts!
Casting: Mephitic Cloud (safe; 14% risk of failure)
Confirm with . or Enter, or press ? or * to list all spells.
You blink.
You hear a shout! x3
The wizard gestures at you while chanting.
The crystal spear hits you!
* * * LOW HITPOINT WARNING * * *
Found a ring mail, 19 stones and 8 gold pieces.
A human comes into view.
Casting: Blink (safe; 9% risk of failure)
Confirm with . or Enter, or press ? or * to list all spells.
You blink.
A human comes into view.
The human shouts! 2 humans, a necromancer and a vault guard come into view.
The vault guard is wielding a battleaxe of flaming.
The human hits you but does no damage.
Found 19 stones, 19 bolts, 20 gold pieces and a ration.
Found a gate to the Vaults.
Really read
g - 12 scrolls of teleportation {!r}?
As you read the scroll of teleportation {!r}, it crumbles to dust.
You feel strangely unstable.
The wizard points at you and mumbles some strange words.
The crystal spear hits you!
You die...

..#.......# #....[..........
..#.......# #..#.#(......###
..#.......## ###..#.#.#.#####
..#######..#####......#.....# ..#
#..................#.#.#
..####.#############.##.#.#.#
....##.#(%...#...$(#.##)#.#.#
#[#.##.#[....'p...(#.##.#.#.# ##
#.#....#..⌠..'p.@..#.##.#.#.# #.
#.#....#.....p.p...#.##.#.#.####.
.......#..p.p#..p..#.............
####..p##p'o###'p'##.####.#....[.
# ##..#.p...#....p#.# #.####### #
#.p')....#p....#.# #........ #
#..pp.⌠..#..p..#.# ######### #
#..'....[#%...$#.# # ##.#...))#
#.#


You could see 3 vault guards, a necromancer, 2 wizards, 7 humans and an orc
warrior.

Vanquished Creatures
  Nessos (Orc:2)
  A frost giant (D:12)
  A fire giant (D:12)
  A very ugly thing (D:12)
  A fire dragon (D:13)
  A hydra (D:12)
  2 death knights
  14 two-headed ogres
  A queen ant (D:9)
  4 ogre magi (Orc:2)
  A deep troll earth mage (D:12)
  A skeletal warrior (D:13)
  2 unseen horrors
  A phantasmal warrior (D:12)
  Pikel (D:5)
  A necromancer (D:13)
  2 orc knights
  4 ugly things
  Maurice (Orc:2)
  A cyclops (D:12)
  Psyche (D:9)
  Joseph (D:8)
  The ghost of p0werm0de the Sneak, a novice GnEn of Ashenzari (D:6)
  2 trolls
  Grinder (D:5)
  7 hippogriffs
  2 slime creatures
  A shadow (D:11)
  19 yaks
  Sigmund (D:5)
  6 humans (D:13)
  5 hungry ghosts
  A vampire mosquito (D:12)
  Edmund (D:5)
  A warg (Orc:2)
  9 soldier ants
  3 water moccasins
  14 orc warriors
  3 sky beasts
  4 slaves (D:5)
  2 black bears
  A necrophage (D:5)
  3 ice beasts
  33 ogres
  4 phantoms
  3 centaurs (D:11)
  3 crocodiles (D:9)
  5 big kobolds
  5 bullfrogs
  A gnoll sergeant (D:11)
  A wyvern skeleton (D:10)
  A wyvern zombie (D:12)
  4 scorpions
  5 killer bees (D:8)
  2 vampire bats (D:4)
  3 wights (D:11)
  6 howler monkeys
  2 crimson imps
  A bullfrog zombie (D:9)
  A centaur zombie (D:7)
  A quasit (D:9)
  4 hounds
  2 jellies
  16 orc wizards
  5 centaur skeletons
  2 orc priests
  2 bullfrog skeletons
  3 iguanas
  30 worker ants
  A hound zombie (D:6)
  15 gnolls
  12 adders
  4 shadow imps
  An ooze (D:2)
  An adder zombie (D:8)
  4 worms
  5 dart slugs
  4 leopard geckos
  65 orcs
  A bat skeleton (D:4)
  4 bat zombies (D:4)
  4 giant cockroaches
  4 goblins
  14 hobgoblins
  12 jackals
  8 quokkas
  2 ball pythons
  5 bats
  3 frilled lizards
  A giant cockroach zombie (D:5)
  20 kobolds
  A leopard gecko skeleton (D:8)
  10 rats
477 creatures vanquished.

Vanquished Creatures (collateral kills)
  A two-headed ogre (Orc:2)
  2 cyclopes (Orc:2)
  The ghost of Amnesiac the Conjurer, an amateur DgWz (D:3)
  A wraith (D:12)
  2 orc warriors (Orc:2)
  2 orc wizards
  5 orcs
14 creatures vanquished.

Vanquished Creatures (others)
  An orc wizard (Orc:2)
1 creature vanquished.

Grand Total: 492 creatures vanquished

Notes
Turn   | Place    | Note
-------+----------+-------------------------------------------
     0 | D:1      | Amnesiac the Demigod Wizard began the quest for the Orb.
     0 | D:1      | Reached XP level 1. HP: 14/14 MP: 6/6
    11 | D:1      | Reached skill level 1 in Conjurations
   431 | D:1      | Reached XP level 2. HP: 20/20 MP: 4/8
   435 | D:1      | Learned a level 2 spell: Call Imp
  1189 | D:2      | Reached XP level 3. HP: 26/26 MP: 6/10
  1194 | D:2      | Learned a level 3 spell: Conjure Flame
  1262 | D:2      | Found a faded altar of an unknown god.
  1634 | D:2      | Reached XP level 4. HP: 31/33 MP: 5/11
  2469 | D:3      | Reached XP level 5. HP: 16/38 MP: 0/13
  2473 | D:2      | Found a blossoming altar of Fedhas.
  2473 | D:2      | Found a glowing golden altar of the Shining One.
  2473 | D:2      | Found an iron altar of Okawaru.
  2473 | D:2      | Found a snail-covered altar of Cheibriados.
  3037 | D:3      | Noticed Amnesiac's ghost (amateur DgWz)
  3283 | D:4      | Found a shimmering altar of Xom.
  3511 | D:4      | Learned a level 2 spell: Blink
  3515 | D:4      | Learned a level 3 spell: Mephitic Cloud
  3556 | D:4      | Found an ancient bone altar of Kikubaaqudgha.
  3565 | D:4      | Reached skill level 1 in Fighting
  3695 | D:3      | Killed Amnesiac's ghost
  3695 | D:3      | Reached XP level 6. HP: 30/50 MP: 0/15
  3827 | D:4      | Found a staircase to the Ecumenical Temple.
  3918 | D:4      | Found a deep blue altar of Sif Muna.
  3947 | D:4      | Identified Sif Muna's Compendium of Arcane Weapons
  4409 | D:5      | Entered Level 5 of the Dungeon
  4417 | D:5      | Reached XP level 7. HP: 57/57 MP: 12/16
  4669 | D:5      | Found Qioqe's Weapon Shoppe.
  4767 | D:5      | Noticed Pikel
  4808 | D:5      | Killed Pikel
  4808 | D:5      | Reached skill level 5 in Fighting
  4808 | D:5      | Reached skill level 5 in Dodging
  4808 | D:5      | Reached XP level 8. HP: 62/69 MP: 1/17
  4866 | D:5      | Noticed Grinder
  4916 | D:5      | Found Totosudd's General Store.
  4920 | D:5      | Noticed Sigmund
  4991 | D:5      | Paralysed by Grinder for 5 turns
  4992 | D:5      | Killed Sigmund
  5013 | D:5      | Paralysed by Grinder for 5 turns
  5058 | D:6      | Noticed p0werm0de's ghost (novice GnEn)
  5230 | D:6      | Killed p0werm0de's ghost
  5539 | D:5      | Killed Grinder
  5544 | D:5      | Found Eqonun's Antique Armour Shoppe.
  5675 | D:5      | Noticed Edmund
  5687 | D:5      | Killed Edmund
  5687 | D:5      | Reached XP level 9. HP: 72/79 MP: 10/18
  7075 | D:7      | Found Ytuil's Antique Armour Emporium.
  7415 | D:7      | You fall through a shaft for 3 floors!
  7415 | D:10     | Entered Level 10 of the Dungeon
  7552 | D:9      | Found a blossoming altar of Fedhas.
  7560 | D:9      | Reached skill level 1 in Evocations
  8199 | D:8      | Noticed Joseph
  8226 | D:8      | Killed Joseph
  8226 | D:8      | Reached skill level 5 in Evocations
  8657 | D:9      | Noticed Psyche
  8756 | D:8      | Reached XP level 10. HP: 88/88 MP: 4/19
  8905 | D:9      | Killed Psyche
  8932 | D:9      | Found Obugruq's Assorted Antiques.
  8945 | D:9      | Bought a scroll labeled HOTHEU ROTIR for 33 gold pieces
  8945 | D:9      | Bought a lumpy green potion for 29 gold pieces
  8945 | D:9      | Bought a ruby potion for 29 gold pieces
  8945 | D:9      | Bought a scroll labeled KARUD OPHYGUIS for 33 gold pieces
  8945 | D:9      | Bought a lumpy green potion for 29 gold pieces
  8945 | D:9      | Bought an encrusted fluorescent wand for 132 gold pieces
  9138 | D:9      | Found a staircase to the Lair.
  9523 | D:9      | Noticed a queen ant
  9555 | D:9      | Killed a queen ant
  9977 | D:9      | Found an opulent altar of Gozag.
  9978 | D:9      | Found a sparkling altar of Nemelex Xobeh.
 10036 | D:9      | Got an amethyst-encrusted leather armour
 10423 | D:10     | Killed an unseen horror
 10423 | D:10     | Reached XP level 11. HP: 95/95 MP: 20/21
 10717 | D:10     | Found Utoy's Distillery.
 10738 | D:10     | Identified the +5 leather armour of the Nexus {rF+} (You took it off an orc on level 9 of the Dungeon)
 10809 | D:10     | Found a shattered altar of Ashenzari.
 10931 | D:11     | Found a staircase to the Orcish Mines.
 12077 | Orc:1    | Entered Level 1 of the Orcish Mines
 12169 | Orc:2    | Entered Level 2 of the Orcish Mines
 12169 | Orc:2    | Noticed Nessos
 12175 | Orc:2    | Noticed Maurice
 12191 | Orc:2    | Killed Maurice
 12205 | Orc:2    | Noticed a two-headed ogre
 12207 | Orc:2    | Killed a two-headed ogre
 12271 | Orc:2    | Killed Nessos
 12271 | Orc:2    | Reached skill level 10 in Fighting
 12271 | Orc:2    | Reached skill level 10 in Dodging
 12271 | Orc:2    | Reached skill level 10 in Evocations
 12301 | Orc:1    | Noticed an orc knight
 12462 | Orc:2    | Noticed a two-headed ogre
 12462 | Orc:2    | Noticed a two-headed ogre
 12463 | Orc:2    | Noticed a two-headed ogre
 12510 | Orc:2    | Killed a two-headed ogre
 12527 | Orc:2    | Killed a two-headed ogre
 12547 | Orc:2    | Killed a two-headed ogre
 12582 | Orc:2    | Noticed a two-headed ogre
 12594 | Orc:2    | Killed a two-headed ogre
 12686 | Orc:2    | Reached XP level 12. HP: 65/107 MP: 23/23
 13147 | Orc:2    | Noticed an ogre mage
 13198 | Orc:2    | Noticed an ogre mage
 13548 | Orc:2    | Killed an ogre mage
 13985 | Orc:2    | Killed an ogre mage
 14436 | Orc:2    | Found Wuyw's Distillery.
 14436 | Orc:2    | Found Tualaaha's Assorted Antiques.
 14437 | Orc:2    | Found Yrruc's Antique Weapon Shop.
 14437 | Orc:2    | Found Akikket's Gadget Shoppe.
 14464 | Orc:2    | Noticed an ogre mage
 14489 | Orc:2    | Killed an ogre mage
 15409 | Orc:2    | Found a staircase to the Elven Halls.
 15785 | Orc:1    | Found Vaudaq's Assorted Antiques.
 15814 | Orc:1    | Bought a scroll labeled ICSANY SO ONUOBIRPH for 33 gold pieces
 15814 | Orc:1    | Bought a pair of runed boots for 247 gold pieces
 16018 | Orc:2    | Bought a potion of experience for 500 gold pieces
 16018 | Orc:2    | Bought a potion of resistance for 100 gold pieces
 16018 | Orc:2    | Bought a potion of agility for 40 gold pieces
 16018 | Orc:2    | Bought a potion of ambrosia for 80 gold pieces
 16021 | Orc:2    | Identified a scroll of acquirement {!r}
 16022 | Orc:2    | Got a scintillating tin ring
 16024 | Orc:2    | Identified the ring "Tufayf" {rElec rC+ MR- Str+3} (You acquired it on level 2 of the Orcish Mines)
 16278 | D:12     | Noticed a death knight
 16314 | D:12     | Killed a death knight
 16795 | D:12     | Reached XP level 13. HP: 117/117 MP: 26/26
 17376 | D:12     | Noticed a red very ugly thing
 17486 | D:12     | Killed a red very ugly thing
 17623 | D:12     | Got a glittering bronze amulet
 17639 | D:12     | Identified the amulet of Gumui {Inacc rElec rN+ MR+} (You found it on level 12 of the Dungeon)
 18014 | D:12     | Noticed a frost giant
 18059 | D:12     | Killed a frost giant
 18435 | D:12     | Noticed a fire giant
 19669 | D:12     | Killed a fire giant
 19878 | D:12     | Learned a level 6 spell: Iron Shot
 20151 | D:13     | Reached skill level 1 in Earth Magic
 20977 | D:13     | Found a gate to the Vaults.
 20978 | D:13     | Killed from afar by a wizard

Vault maps used:
D:1:      onia_arrival_larder, roderic_serpentine_path
D:2:      nicolae_overflow_hidden_temple, chequers_ecumenical_altar_island
D:3:      first_ration, supply_closet_lemuel
D:4:      xom_butterflies, kennysheep_vampire_church, led_sif_book,
          minmay_temple_entry_fiery
D:5:      minmay_diamond_boxcup, serial_shops, shop_fountains, shop_coins,
          kennysheep_mini, uniq_edmund, uniq_grinder, uniq_sigmund, uniq_pikel
D:7:      serial_shops, shop, grunt_ogre_cave
D:8:      uniq_joseph
D:9:      grunt_temple_overflow_opulence, david_lair_generic, basic_altar,
          serial_shops, shop_statue, minmay_another_anthill, uniq_psyche
D:10:     basic_altar, serial_shops, shop_fountains
D:11:     kennysheep_orc_monster_closet_entryway
D:12:     kennysheep_snake
D:13:     grunt_vaults_entry_tiered, kennysheep_four_rooms
Orc:1:    serial_shops, nicolae_shop_overgrown_old_shop
Orc:2:    st_orc_ogre_mass, nicolae_orc_jurassic_orc, uniq_maurice, uniq_nessos

Skill      XL: |  1  2  3  4  5  6  7  8  9 10 11 12 13 |
---------------+----------------------------------------+-----
Conjurations   | 1 2 3 4 |  4.0
Spellcasting   | 3 4 |  4.0
Fighting       | 2 3 5 7 8 10 11 12 | 12.4
Dodging        | 3 5 7 8 10 11 12 | 12.4
Evocations     | 5 8 10 11 12 | 12.4
Earth Magic    | 3 |  3.8
Stealth        | |  1.7
Summonings     | |  0.8
Translocations | |  0.8

Action                   |  1- 3 |  4- 6 |  7- 9 | 10-12 | 13-15 || total
-------------------------+-------+-------+-------+-------+-------++-------
Melee: Unarmed           |    12 |     7 |       |       |       ||    19
       Dagger            |       |    41 |   275 |   274 |       ||   590
       Spear             |       |       |       |   544 |   338 ||   882
 Fire: Blowgun           |       |       |       |       |    10 ||    10
 Cast: Magic Dart        |   107 |   137 |   208 |   228 |   139 ||   819
       Conjure Flame     |     1 |     1 |    21 |    36 |    45 ||   104
       Call Imp          |       |     9 |       |       |     1 ||    10
       Blink             |       |     2 |     6 |    14 |    13 ||    35
       Mephitic Cloud    |       |     1 |    14 |    49 |     6 ||    70
Evoke: Wand              |       |       |     8 |    15 |    30 ||    53
  Use: Scroll            |       |     7 |     9 |     5 |     4 ||    25
       Potion            |       |     3 |       |     4 |     5 ||    12
 Stab: Distracted        |       |     1 |     2 |     1 |       ||     4
       Sleeping          |       |     1 |     1 |     2 |     1 ||     5
       Confused          |       |       |     9 |    25 |     3 ||    37
       Paralysed         |       |       |       |    39 |    40 ||    79
  Eat: Chunk             |     2 |     8 |    16 |    30 |     5 ||    61
       Ration            |       |       |       |       |     3 ||     3
Armor: Robe              |     8 |    18 |    17 |       |       ||    43
       Ring mail         |       |       |    85 |   112 |       ||   197
       Skin              |       |       |       |    19 |       ||    19
       Leather armour    |       |       |       |   104 |   126 ||   230
Dodge: Dodged            |    37 |    80 |   254 |   649 |   336 ||  1356

Table legend:
 A = Spawn XP
 B = Non-spawn XP
 C = Spawn XP percentage of total XP
 D = Spawn monster count
 E = Non-spawn monster count
 F = Spawn count percentage of total count
 G = Total turns spent on level
                    A         B        C        D         E        F      G
               +---------+---------+-------+---------+---------+-------+---------
         Total |       0 |   66444 |   0.0 |       0 |     487 |   0.0 | 20978
               +---------+---------+-------+---------+---------+-------+---------
           D:1 |       0 |      43 |   0.0 |       0 |      26 |   0.0 |  1136
           D:2 |       0 |     207 |   0.0 |       0 |      32 |   0.0 |  1612
           D:3 |       0 |     264 |   0.0 |       0 |      22 |   0.0 |   564
           D:4 |       0 |     356 |   0.0 |       0 |      19 |   0.0 |  1097
           D:5 |       0 |    2186 |   0.0 |       0 |      29 |   0.0 |  1223
           D:6 |       0 |     889 |   0.0 |       0 |      17 |   0.0 |  1255
           D:7 |       0 |     367 |   0.0 |       0 |       6 |   0.0 |   851
           D:8 |       0 |    2038 |   0.0 |       0 |      28 |   0.0 |   965
           D:9 |       0 |    5547 |   0.0 |       0 |      65 |   0.0 |  1458
          D:10 |       0 |    3305 |   0.0 |       0 |      20 |   0.0 |   753
          D:11 |       0 |    3366 |   0.0 |       0 |      49 |   0.0 |  1204
          D:12 |       0 |   18188 |   0.0 |       0 |      65 |   0.0 |  3780
          D:13 |       0 |    5578 |   0.0 |       0 |      23 |   0.0 |  1099
         Orc:1 |       0 |    4118 |   0.0 |       0 |      15 |   0.0 |  1435
         Orc:2 |       0 |   19992 |   0.0 |       0 |      71 |   0.0 |  2546
               +---------+---------+-------+---------+---------+-------+---------
